DBL
TORONTO BLUE JAYS @ NEW YORK METS
04/28/1997
 
TOP OF THE 1ST
Toronto Blue Jays batting - Pitching for New York Mets : RHP Frank Castillo
Pitching: RHP Frank Castillo
Batting: RHB Derek Jeter 0-0: Ball
1-0: Called Strike
1-1: Foul Ball, location: 2F
1-2: Ball
2-2: Foul Ball, location: 2F
2-2: Ball
3-2: DOUBLE (Flyball, 89XD, EV 104.4 MPH)
Batting: LHB Will Clark 0-0: Swinging Strike
0-1: Ball
1-1: Ball
2-1: Called Strike
2-2: Strikes out swinging
Batting: RHB Mark McGwire 0-0: Called Strike
0-1: Ball
1-1: Swinging Strike
1-2: Ball
2-2: Ball
3-2: Strikes out swinging
Batting: RHB Ellis Burks 0-0: Ground out 6-3 (Groundball, 6, EV 106.3 MPH)
Top of the 1st over - 0 runs, 1 hit, 0 errors, 1 left on base; Toronto 0 - New York 0
BOTTOM OF THE 1ST
New York Mets batting - Pitching for Toronto Blue Jays : RHP Hipolito Pichardo
Pitching: RHP Hipolito Pichardo
Batting: LHB Cliff Floyd 0-0: Ball
1-0: Called Strike
1-1: Fly out, F8 (Flyball, 8LD, EV 99.4 MPH)
Batting: RHB Magglio Ordonez 0-0: Foul Ball, location: 2F
0-1: Foul Ball, location: 2F
0-2: Ball
1-2: Fly out, F9 (Flyball, 89D, EV 98.8 MPH)
Batting: RHB Gary Sheffield 0-0: Ball
1-0: Ball
2-0: Ball
3-0: Called Strike
3-1: Ground out 5-3 (Groundball, 5L, EV 88.1 MPH)
Bottom of the 1st over - 0 runs, 0 hits, 0 errors, 0 left on base; Toronto 0 - New York 0
TOP OF THE 2ND
Toronto Blue Jays batting - Pitching for New York Mets : RHP Frank Castillo
Batting: LHB Phil Plantier 0-0: Reached on error, E8 (Line Drive, 8LD, EV 88.8 MPH)
Batting: RHB Dean Palmer 0-0: Ball
1-0: Called Strike
1-1: Ball
2-1: Foul Ball, location: 2F
2-2: Strikes out swinging
Batting: LHB Lance Johnson 0-0: Ball
1-0: Fly out, F8 (Flyball, 8RS, EV 97.5 MPH)
Batting: LHB Darrin Fletcher 0-0: Swinging Strike
0-1: Ball
1-1: Swinging Strike
1-2: Strikes out swinging
Top of the 2nd over - 0 runs, 0 hits, 1 error, 1 left on base; Toronto 0 - New York 0
BOTTOM OF THE 2ND
New York Mets batting - Pitching for Toronto Blue Jays : RHP Hipolito Pichardo
Batting: RHB Sammy Sosa 0-0: Called Strike
0-1: Ball
1-1: Called Strike
1-2: Foul Ball, location: 2F
1-2: Strikes out swinging
Batting: RHB Phil Nevin 0-0: Ball
1-0: Swinging Strike
1-1: Fly out, F9 (Flyball, 89D, EV 91.3 MPH)
Batting: RHB Greg Colbrunn 0-0: Called Strike
0-1: Ball
1-1: Swinging Strike
1-2: Fly out, F7 (Flyball, 78D, EV 107.5 MPH)
Bottom of the 2nd over - 0 runs, 0 hits, 0 errors, 0 left on base; Toronto 0 - New York 0
TOP OF THE 3RD
Toronto Blue Jays batting - Pitching for New York Mets : RHP Frank Castillo
Batting: SHB Tony Fernandez 0-0: Swinging Strike
0-1: Ball
1-1: Ball
2-1: Called Strike
2-2: Foul Ball, location: 2F
2-2: Ball
3-2: Strikes out looking
Batting: RHB Derek Jeter 0-0: Ball
1-0: Foul Ball, location: 2F
1-1: Ball
2-1: Ball
3-1: Fly out, F9 (Flyball, 89M, EV 73.1 MPH)
Batting: LHB Will Clark 0-0: Ground out 4-3 (Groundball, 4S, EV 88.8 MPH)
Top of the 3rd over - 0 runs, 0 hits, 0 errors, 0 left on base; Toronto 0 - New York 0
BOTTOM OF THE 3RD
New York Mets batting - Pitching for Toronto Blue Jays : RHP Hipolito Pichardo
Batting: RHB Olmedo Saenz 0-0: Swinging Strike
0-1: Ground out 5-3 (Groundball, 56, EV 108.8 MPH)
Batting: RHB Bret Boone 0-0: Ball
1-0: Fly out, F3 (Popup, 3SF, EV 74.4 MPH)
Batting: LHB B.J. Surhoff 0-0: SINGLE (Groundball, 56D, EV 98.1 MPH)
Batting: LHB Cliff Floyd 0-0: Ball
1-0: Ball
B.J. Surhoff steals 2nd base
2-0: Called Strike
2-1: Foul Ball, location: 2F
2-2: Fly out, F7 (Flyball, 7S, EV 81.3 MPH)
Bottom of the 3rd over - 0 runs, 1 hit, 0 errors, 1 left on base; Toronto 0 - New York 0
TOP OF THE 4TH
Toronto Blue Jays batting - Pitching for New York Mets : RHP Frank Castillo
Batting: RHB Mark McGwire 0-0: Ball
1-0: Foul Ball, location: 2F
1-1: Ball
2-1: Called Strike
2-2: Strikes out swinging
Batting: RHB Ellis Burks 0-0: Called Strike
0-1: Ball
1-1: Swinging Strike
1-2: Strikes out looking
Batting: LHB Phil Plantier 0-0: Ball
1-0: Ground out 5-3 (Groundball, 56, EV 81.3 MPH)
Top of the 4th over - 0 runs, 0 hits, 0 errors, 0 left on base; Toronto 0 - New York 0
BOTTOM OF THE 4TH
New York Mets batting - Pitching for Toronto Blue Jays : RHP Hipolito Pichardo
Batting: RHB Magglio Ordonez 0-0: Foul Ball, location: 2F
0-1: Called Strike
0-2: Ball
1-2: Fly out, F6 (Popup, 4M, EV 61.3 MPH)
Batting: RHB Gary Sheffield 0-0: Swinging Strike
0-1: Foul Ball, location: 2F
0-2: Strikes out swinging
Batting: RHB Sammy Sosa 0-0: Foul Ball, location: 2F
0-1: Ball
1-1: Swinging Strike
1-2: Foul Ball, location: 2F
1-2: Foul Ball, location: 2F
1-2: SINGLE (Line Drive, 9S, EV 95.6 MPH)
Batting: RHB Phil Nevin 0-0: Ball
Sammy Sosa steals 2nd base
1-0: Foul Ball, location: 2F
1-1: Ball
2-1: Foul Ball, location: 2F
2-2: Ball
3-2: Ground out 4-3 (Groundball, 4M, EV 85.0 MPH)
Bottom of the 4th over - 0 runs, 1 hit, 0 errors, 1 left on base; Toronto 0 - New York 0
TOP OF THE 5TH
Toronto Blue Jays batting - Pitching for New York Mets : RHP Frank Castillo
Batting: RHB Dean Palmer 0-0: SOLO HOME RUN (Flyball, 78XD, EV 105.0 MPH), Distance : 391 ft
Batting: LHB Lance Johnson 0-0: Ball
1-0: Foul Ball, location: 2F
1-1: SINGLE (Groundball, 6D, EV 94.4 MPH)
Batting: LHB Darrin Fletcher 0-0: Fly out, F8 (Line Drive, 8LM, EV 106.3 MPH)
Batting: SHB Tony Fernandez 0-0: Called Strike
0-1: Foul Ball, location: 2F
0-2: Foul Ball, location: 2F
0-2: Ball
1-2: Foul Ball, location: 2F
1-2: Ball
2-2: Strikes out swinging
Batting: RHB Derek Jeter 0-0: Fly out, F9 (Flyball, 89D, EV 94.4 MPH)
Top of the 5th over - 1 run, 2 hits, 0 errors, 1 left on base; Toronto 1 - New York 0
BOTTOM OF THE 5TH
New York Mets batting - Pitching for Toronto Blue Jays : RHP Hipolito Pichardo
Batting: RHB Greg Colbrunn 0-0: Ball
1-0: Fly out, F8 (Flyball, 8LM, EV 94.4 MPH)
Batting: RHB Olmedo Saenz 0-0: Ball
1-0: Swinging Strike
1-1: Ball
2-1: Fly out, F4 (Popup, 4S, EV 65.0 MPH)
Batting: RHB Bret Boone 0-0: Ball
1-0: Ball
2-0: Called Strike
2-1: Fly out, F8 (Flyball, 8LD, EV 83.8 MPH)
Bottom of the 5th over - 0 runs, 0 hits, 0 errors, 0 left on base; Toronto 1 - New York 0
TOP OF THE 6TH
Toronto Blue Jays batting - Pitching for New York Mets : RHP Frank Castillo
Batting: LHB Will Clark 0-0: Ball
1-0: Foul Ball, location: 2F
1-1: Ball
2-1: Swinging Strike
2-2: Ground out 4-3 (Groundball, 34, EV 84.4 MPH)
Batting: RHB Mark McGwire 0-0: Fly out, F4 (Line Drive, 4, EV 70.6 MPH)
Batting: RHB Ellis Burks 0-0: Ball
1-0: Foul Ball, location: 2F
1-1: Ball
2-1: Swinging Strike
2-2: Ball
3-2: Foul Ball, location: 2F
3-2: Foul Ball, location: 2F
3-2: Foul Ball, location: 2F
3-2: Base on Balls
Batting: LHB Phil Plantier 0-0: Ball
1-0: Ball
2-0: Ball
3-0: Base on Balls
Ellis Burks to second
Batting: RHB Dean Palmer 0-0: Ball
1-0: Called Strike
1-1: Foul Ball, location: 2F
1-2: Ball
2-2: 3-RUN HOME RUN (Flyball, 7D, EV 110.6 MPH), Distance : 366 ft
Batting: LHB Lance Johnson 0-0: Ground out 4-3 (Groundball, 4S, EV 84.4 MPH)
Top of the 6th over - 3 runs, 1 hit, 0 errors, 0 left on base; Toronto 4 - New York 0
BOTTOM OF THE 6TH
New York Mets batting - Pitching for Toronto Blue Jays : RHP Hipolito Pichardo
Batting: LHB B.J. Surhoff 0-0: SINGLE (Line Drive, 7LS, EV 113.1 MPH)
Batting: LHB Cliff Floyd 0-0: Called Strike
0-1: Swinging Strike
0-2: Ball
1-2: Strikes out swinging
Batting: RHB Magglio Ordonez 0-0: Called Strike
B.J. Surhoff steals 2nd base
0-1: Called Strike
0-2: Ball
1-2: Fly out, F7 (Flyball, 7, EV 85.6 MPH)
Batting: RHB Gary Sheffield 0-0: Called Strike
0-1: Foul Ball, location: 2F
0-2: Ball
1-2: Ground out 1-3 (Groundball, 34S, EV 89.4 MPH)
Bottom of the 6th over - 0 runs, 1 hit, 0 errors, 1 left on base; Toronto 4 - New York 0
TOP OF THE 7TH
Toronto Blue Jays batting - Pitching for New York Mets : RHP Frank Castillo
Batting: LHB Darrin Fletcher 0-0: Called Strike
0-1: Ball
1-1: Foul Ball, location: 2F
1-2: Fly out, F6 (Popup, 6, EV 73.8 MPH)
Batting: SHB Tony Fernandez 0-0: Called Strike
0-1: Called Strike
0-2: Ball
1-2: Foul Ball, location: 2F
1-2: Ground out 5-3 (Groundball, 56S, EV 86.3 MPH)
Batting: RHB Derek Jeter 0-0: Ball
1-0: Fly out, F4 (Popup, 34S, EV 80.6 MPH)
Top of the 7th over - 0 runs, 0 hits, 0 errors, 0 left on base; Toronto 4 - New York 0
BOTTOM OF THE 7TH
New York Mets batting - Pitching for Toronto Blue Jays : RHP Hipolito Pichardo
Batting: RHB Sammy Sosa 0-0: Ground out 4-3 (Groundball, 4S, EV 86.9 MPH)
Batting: RHB Phil Nevin 0-0: Called Strike
0-1: Ball
1-1: Ball
2-1: Ball
3-1: Fly out, F3 (Popup, 34, EV 55.0 MPH)
Batting: RHB Greg Colbrunn 0-0: Foul Ball, location: 2F
0-1: Ball
1-1: Ball
2-1: SINGLE (Flyball, 89S, EV 85.6 MPH)
Batting: RHB Olmedo Saenz 0-0: Called Strike
0-1: Called Strike
0-2: Ball
1-2: Hit by Pitch
Greg Colbrunn to second
Batting: RHB Bret Boone 0-0: Foul Ball, location: 2F
0-1: Ball
1-1: Ball
2-1: Fly out, F7 (Flyball, 7S, EV 80.6 MPH)
Bottom of the 7th over - 0 runs, 1 hit, 0 errors, 2 left on base; Toronto 4 - New York 0
TOP OF THE 8TH
Toronto Blue Jays batting - Pitching for New York Mets : RHP Frank Castillo
Batting: LHB Will Clark 0-0: Ball
1-0: Fly out, F7 (Flyball, 7LSF, EV 91.3 MPH)
Batting: RHB Mark McGwire 0-0: Swinging Strike
0-1: Ball
1-1: Swinging Strike
1-2: Strikes out looking
Batting: RHB Ellis Burks 0-0: Ball
1-0: Ball
2-0: Fly out, F8 (Flyball, 8RD, EV 88.8 MPH)
Top of the 8th over - 0 runs, 0 hits, 0 errors, 0 left on base; Toronto 4 - New York 0
BOTTOM OF THE 8TH
New York Mets batting - Pitching for Toronto Blue Jays : RHP Hipolito Pichardo
Batting: LHB B.J. Surhoff 0-0: Called Strike
0-1: Called Strike
0-2: Ball
1-2: Foul Ball, location: 2F
1-2: Ball
2-2: Ball
3-2: Foul Ball, location: 2F
3-2: Foul Ball, location: 2F
3-2: Base on Balls
Batting: LHB Cliff Floyd 0-0: Foul Ball, location: 2F
0-1: Foul Ball, location: 2F
0-2: Ball
1-2: Ball
2-2: Foul Ball, location: 2F
2-2: Fielders Choice at 2nd, 4-6 (Groundball, 4, EV 86.3 MPH)
Batting: RHB Magglio Ordonez 0-0: Ball
1-0: Foul Ball, location: 2F
1-1: Fly out, F8 (Line Drive, 8RD, EV 91.3 MPH)
Pitching: LHP Steve Shirley
Batting: RHB Gary Sheffield 0-0: Called Strike
0-1: Ball
1-1: Ball
2-1: Foul Ball, location: 2F
2-2: Fielders Choice at 2nd, 5-4 (Groundball, 56, EV 105.6 MPH)
Bottom of the 8th over - 0 runs, 0 hits, 0 errors, 1 left on base; Toronto 4 - New York 0
TOP OF THE 9TH
Toronto Blue Jays batting - Pitching for New York Mets : RHP Frank Castillo
Batting: LHB Phil Plantier 0-0: Foul Ball, location: 2F
0-1: Called Strike
0-2: Fly out, F5 (Popup, 5SF, EV 83.1 MPH)
Batting: RHB Dean Palmer 0-0: Foul Ball, location: 2F
0-1: Ball
1-1: Ball
2-1: Foul Ball, location: 2F
2-2: Ball
3-2: Base on Balls
Pitching: RHP Takehiro Ishii
Batting: LHB Lance Johnson 0-0: Ground out 4-3 (Groundball, 4S, EV 90.0 MPH)
Dean Palmer to second
Batting: LHB Darrin Fletcher 0-0: Ball
1-0: Fly out, F7 (Flyball, 7S, EV 97.5 MPH)
Top of the 9th over - 0 runs, 0 hits, 0 errors, 1 left on base; Toronto 4 - New York 0
BOTTOM OF THE 9TH
New York Mets batting - Pitching for Toronto Blue Jays : LHP Steve Shirley
Batting: RHB Sammy Sosa 0-0: Ball
1-0: Foul Ball, location: 2F
1-1: Fly out, F8 (Flyball, 8LS, EV 82.5 MPH)
Batting: RHB Phil Nevin 0-0: Ball
1-0: Called Strike
1-1: Ball
2-1: Ball
3-1: Base on Balls
Batting: RHB Greg Colbrunn 0-0: Ball
1-0: SINGLE (Groundball, 4D, EV 95.0 MPH)
Phil Nevin to second
Batting: RHB Olmedo Saenz 0-0: Fly out, F9 (Line Drive, 9, EV 94.4 MPH)
Batting: RHB Bret Boone 0-0: Ball
1-0: Called Strike
1-1: Ball
2-1: Foul Ball, location: 2F
2-2: Fielders Choice at 2nd, 6-4 (Groundball, 6, EV 101.3 MPH)
Bottom of the 9th over - 0 runs, 1 hit, 0 errors, 2 left on base; Toronto 4 - New York 0
Monday, February 2nd, 2026 - OOTP Baseball 20.8 Build 74